 Dungeon Sprint DCSS version 0.24.0-125-gc4c63601f3 (webtiles) character file.

Game seed: 8793717218666769493, levelgen mode: deterministic

267 Ponchio the Fighter (level 6, -1/72 HPs)
             Began as a Gargoyle Fighter on Feb 18, 2020.
             Slain by a hippogriff (3 damage)
             ... in the Dungeon (Sprint II: "The Violet Keep of Menkaure").
             The game lasted 00:01:45 (230 turns).

Ponchio the Fighter (Gargoyle Fighter)               Turns: 230, Time: 00:01:46

Health: -1/72      AC: 11    Str: 25    XL:     6   Next: 21%
Magic:  6/6        EV:  7    Int:  8    God:
Gold:   243        SH:  9    Dex: 11    Spells: 5/5 levels left

rFire    . . .     SeeInvis .   a - +0 flail
rCold    . . .     Gourm    .   c - +0 shield
rNeg     + . .     Faith    .   b - +0 scale mail
rPois    ∞         Spirit   .   (no helmet)
rElec    +         Reflect  .   (no cloak)
rCorr    .         Harm     .   (no gloves)
MR       .....     NoTele   +   (no boots)
Stlth    ..........             (no amulet)
HPRegen  0.22/turn              (no ring)
MPRegen  0.10/turn              (no ring)

@: berserking, very quick
A: negative energy resistance 1, electricity resistance, unbreathing,
petrification resistance, rot immunity, AC +4
a: no special abilities


You were in the Dungeon.
You were not hungry.

You visited 1 branch You collected 243 gold pieces.

Inventory:

Hand Weapons
 a - a +0 flail (weapon)
Armour
 b - a +0 scale mail (worn)
 c - a +0 shield (worn)
Scrolls
 k - a scroll of blinking
Potions
 d - a potion of might
 h - a potion of haste
 i - 2 potions of magic
Comestibles
 f - a ration


   Skills:
 + Level 10.1 Fighting
 + Level 9.1 Maces & Flails
 - Level 3.2 Armour
 - Level 3.2 Shields


You had 5 spell levels left.
You didn't know any spells.
Your spell library was empty.

Dungeon Overview and Level Annotations

Branches:
Dungeon (1/1)

Altars:


Innate Abilities, Weirdness & Mutations

You are resistant to torment.
Your stone body is resilient. (AC +4)
You are immune to poison.
You resist negative energy. (rN+)
You are resistant to electric shocks. (rElec)
You can survive without breathing.
You are immune to petrification.
You are immune to rotting.


Message History

The hippogriff bites you but does no damage.
The hippogriff barely misses you. You block the hippogriff's attack.
You completely miss the hippogriff.
The hippogriff bites you but does no damage.
You block the hippogriff's attack.
The hippogriff claws you but does no damage.
Your shield prevents you from hitting the hippogriff.
You sock the hippogriff!
The hippogriff is moderately wounded.
The hippogriff bites you.
* * * LOW HITPOINT WARNING * * *
The hippogriff pecks you but does no damage.
You block the hippogriff's attack.
You barely miss the hippogriff.
The hippogriff is moderately wounded.
You block the hippogriff's attack. x3
You hit the hippogriff.
The hippogriff is heavily wounded.
The hippogriff bites you.
You die...

## ## .#
#. .#$ #
#H# .##
##@##.w.#
+.<.+#
##.##.w$#
#†# .##
###.### #
#..#..#
##.#.##
##+##


You could see a hippogriff.

Vanquished Creatures
  A hippogriff (D)
  4 worker ants (D)
5 creatures vanquished.

Vanquished Creatures (others)
  A crocodile (D)
1 creature vanquished.

Grand Total: 6 creatures vanquished

Notes
Turn   | Place    | Note
-------+----------+-------------------------------------------
     0 | D        | Ponchio the Gargoyle Fighter began the quest for the Orb.
     0 | D        | Reached XP level 1. HP: 14/14 MP: 1/1
     1 | D        | Noticed a tyrant leech
     1 | D        | Noticed a tyrant leech
     9 | D        | Noticed a worker ant
     9 | D        | Noticed a worker ant
     9 | D        | Noticed a worker ant
    10 | D        | Noticed a worker ant
    26 | D        | Killed a worker ant
    26 | D        | Reached skill level 5 in Fighting
    26 | D        | Reached XP level 2. HP: 16/21 MP: 2/2
    26 | D        | Reached XP level 3. HP: 20/26 MP: 3/3
    35 | D        | Reached skill level 6 in Fighting
    35 | D        | Reached skill level 5 in Maces & Flails
    42 | D        | Killed a crocodile
    46 | D        | Reached XP level 4. HP: 23/32 MP: 4/4
    59 | D        | Reached skill level 7 in Fighting
   201 | D        | Noticed a hippogriff
   201 | D        | Noticed a hippogriff
   223 | D        | Killed a hippogriff
   223 | D        | Reached skill level 10 in Fighting
   223 | D        | Reached XP level 5. HP: 3/42 MP: 5/5
   223 | D        | Reached XP level 6. HP: 4/48 MP: 6/6
   228 | D        | HP: 2/72 [hippogriff (5)]
   230 | D        | Slain by a hippogriff

Levels and vault maps discovered:
D:        the_violet_keep_of_menkaure [sprint2_stairs_cluster_1,
          sprint2_shoproom, sprint2_temple, sprint2_basic_supplies,
          sprint2_obstacle_7, sprint2_obstacle_2, sprint2_obstacle_3,
          sprint2_obstacle_4, sprint2_obstacle_6, sprint2_timed_cluster_1,
          sprint2_smallroom_cluster_1, sprint2_smallroom_final_cluster_1,
          sprint2_transparent_cluster_1, sprint2_second_timed_cluster_1,
          sprint2_sniper_area_1, sprint2_heavy_combat_area_1,
          sprint2_mutation_trap_area_1, sprint2_forest_area_1,
          sprint2_light_combat_area_1, sprint2_behind_water_1,
          sprint2_near_end_vault_1]

Skill      XL: |  1  2  3  4 |
---------------+-------------+-----
Fighting       | 5 6 10 | 10.1
Maces & Flails | 4 5 9 |  9.1
Armour         | |  3.2
Shields        | |  3.2

Action                   |  1- 3 |  4- 6 || total
-------------------------+-------+-------++-------
Melee: Flail             |    35 |    38 ||    73
  Use: Potion            |     1 |     2 ||     3
Armor: Scale mail        |    16 |    32 ||    48
Dodge: Dodged            |     8 |    17 ||    25
Block: Shield            |    16 |    31 ||    47
